 Dungeon Crawl Stone Soup version 0.17.1-1-g73c8601 (webtiles) character file.

51 sugabear the Cudgeler (level 3, -1/19 HPs)
             Began as a Vine Stalker Gladiator on Dec 20, 2015.
             Slain by a crimson imp (2 damage)
             ... summoned by Natasha
             ... on level 2 of the Dungeon.
             The game lasted 00:02:23 (865 turns).

sugabear the Cudgeler (Vine Stalker Gladiator)       Turns: 865, Time: 00:02:23

Health: -1/19      AC:  4    Str: 18    XL:     3   Next: 83%
Magic:  0/4        EV: 12    Int:  8    God:
Gold:   39         SH:  0    Dex: 14    Spells: 0 memorised, 2 levels left

rFire  . . .     SeeInvis .     a - +0 flail
rCold  . . .     Clarity  .     b - +0 leather armour
rNeg   . . .     SustAt   .     (no shield)
rPois  .         Gourm    .     c - +0 helmet
rElec  .         Spirit   +     (no cloak)
rCorr  .         Warding  .     (no gloves)
rMut   .         Stasis   .     (no boots)
MR     .....                    (no amulet)
Stlth  ++........               (no ring)
                                (no ring)

@: slowed, very slow, not resistant to hostile enchantments, unstealthy
A: fangs 2, regeneration 1, magic shield, antimagic bite, no device heal 3, rot
immunity
a: no special abilities


You were on level 2 of the Dungeon.
You were not hungry.

You visited 1 branch of the dungeon, and saw 2 of its levels.

You collected 39 gold pieces.

Inventory:

Hand Weapons
 a - a +0 flail (weapon)
Missiles
 d - 3 throwing nets (quivered)
Armour
 b - a +0 leather armour (worn)
 c - a +0 helmet (worn)
 m - a cursed +0 leather armour
Scrolls
 f - 3 scrolls of identify {unknown}
 n - a scroll of enchant armour {unknown}
 p - 2 scrolls of remove curse {unknown}
 q - a scroll of blinking {unknown}
 s - a scroll of fog {unknown}
Potions
 g - a potion of degeneration {unknown}
 h - a potion of haste {unknown}
 j - 2 potions of brilliance {unknown}
 k - 2 potions of heal wounds {unknown}
 o - 2 potions of ambrosia {unknown}
Comestibles
 e - 2 bread rations
 i - a meat ration
 l - 8 chunks of flesh
 r - a fruit


   Skills:
 + Level 2.3 Fighting
 + Level 3.1 Maces & Flails
 + Level 1.7 Throwing
 + Level 0.2 Armour
 + Level 2.8 Dodging
 + Level 1.5 Stealth


You had 2 spell levels left.
You didn't know any spells.

Dungeon Overview and Level Annotations

Branches:
Dungeon (2/15)

Altars:
Nemelex Xobeh

Annotations:
D:2 Natasha


Innate Abilities, Weirdness & Mutations

You have extremely sharp teeth.
Your natural rate of healing is unusually fast.
When hurt, damage is shared between your health and your magic reserves.
Your bite disrupts and absorbs the magic of your enemies.
Potions and wands cannot restore your health.
You are immune to rotting.


Message History

Natasha is lightly wounded.
The crimson imp barely misses you. The goblin barely misses you.
The crimson imp completely misses you. The goblin hits you but does no damage.
Natasha claws you.
* * * LOW HITPOINT WARNING * * *
The crimson imp hits you.
* * * LOW HITPOINT WARNING * * *
The goblin closely misses you. The crimson imp closely misses you.
The goblin hits you with a dagger.
* * * LOW HITPOINT WARNING * * *
Natasha drinks a potion.
Natasha seems to grow stronger.
You barely miss Natasha. Your bite misses Natasha.
Natasha is lightly wounded.
The crimson imp hits you but does no damage.
The goblin closely misses you.
The crimson imp hits you but does no damage.
The goblin completely misses you. Natasha claws you.
* * * LOW HITPOINT WARNING * * *
The crimson imp blinks!
The crimson imp hits you.
You die...

#.# #.# #......#
#.# #.#############
#.####.......######
#.#.......#.......#
..+.......+.......#
#.......#.†.....#
#.......#.......##
#.......#...§....#
####....5....@5..#
#........ggh..#
#.......##.......#
#.......##........
#.......##........
#.......##........
##########........
##.......


You could see Natasha, 2 crimson imps and 2 goblins.

Vanquished Creatures
  An adder (D:2)
  A gnoll (D:1)
  A giant gecko (D:1)
  A ball python (D:1)
  9 bats
  A giant cockroach (D:1)
  3 hobgoblins
  3 kobolds (D:1)
  4 giant newts
  6 goblins
  3 rats (D:1)
33 creatures vanquished.

Notes
Turn   | Place    | Note
--------------------------------------------------------------
     0 | D:1      | sugabear the Vine Stalker Gladiator began the quest for the Orb.
     0 | D:1      | Reached XP level 1. HP: 11/11 MP: 2/2
   101 | D:1      | Reached XP level 2. HP: 15/15 MP: 3/3
   327 | D:1      | Reached skill level 3 in Maces & Flails
   327 | D:1      | Reached XP level 3. HP: 10/18 MP: 1/4
   365 | D:1      | Reached skill level 1 in Stealth
   439 | D:1      | Found a sparkling altar of Nemelex Xobeh.
   849 | D:2      | Noticed Natasha
   865 | D:2      | Slain by a crimson imp

Action                   || total
-------------------------++-------
Melee: Flail             ||    88
 Stab: Sleeping          ||     4
